 Dungeon Crawl Stone Soup version 0.21.1-1-g345015fe64 (webtiles) character file.

306 Peloso the Slasher (level 6, 0/56 HPs)
             Began as a Minotaur Abyssal Knight on May 1, 2018.
             Was a Believer of Lugonu.
             Slain by a centaur (5 damage)
             ... on level 5 of the Dungeon.
             The game lasted 00:05:16 (2768 turns).

Peloso the Slasher (Minotaur Abyssal Knight)        Turns: 2768, Time: 00:05:16

Health: 0/56       AC:  6    Str: 18    XL:     6   Next: 16%
Magic:  6/6        EV: 12    Int:  9    God:    Lugonu [**....]
Gold:   137        SH:  0    Dex: 10    Spells: 5/5 levels left

rFire    . . .     SeeInvis .   a - +1 falchion
rCold    . . .     Gourm    .   (no shield)
rNeg     . . .     Faith    .   b - +0 leather armour
rPois    .         Spirit   .   (helmet restricted)
rElec    .         Reflect  .   (no cloak)
rCorr    .         Harm     .   p - +1 pair of gloves
MR       .....                  m - +0 pair of boots
Stlth    +.........             (no amulet)
HPRegen  0.18/turn              (no ring)
MPRegen  0.10/turn              (no ring)

@: no status effects
A: retaliatory headbutt, horns 2
a: Depart the Abyss, Bend Space, Renounce Religion


You were on level 5 of the Dungeon.
You worshipped Lugonu.
Lugonu was pleased with you.
You were not hungry.

You visited 1 branch of the dungeon, and saw 4 of its levels.
You visited the Abyss 1 time.

You collected 137 gold pieces.

Inventory:

Hand Weapons
 a - a +1 falchion (weapon)
Armour
 b - a +0 leather armour (worn)
 m - a +0 pair of boots (worn)
 p - a +1 pair of gloves (worn)
Scrolls
 d - 5 scrolls of identify {unknown}
 f - a scroll of fog {unknown}
 i - a scroll of blinking {unknown}
 j - a scroll of teleportation {unknown}
 l - a scroll of immolation {unknown}
 n - 2 scrolls of enchant armour {unknown}
Potions
 e - a potion of lignification {unknown}
 h - a potion of brilliance {unknown}
 k - a potion of magic {unknown}
Comestibles
 c - 6 rations
 g - 3 chunks of flesh


   Skills:
 + Level 5.2 Fighting
 + Level 5.3 Long Blades
 + Level 3.7 Armour
 + Level 2.3 Dodging
 + Level 0.8 Stealth
 + Level 2.1 Invocations


You had 5 spell levels left.
You didn't know any spells.

Dungeon Overview and Level Annotations

Branches:
Dungeon (3/15)

Altars:
Fedhas


Innate Abilities, Weirdness & Mutations

You reflexively headbutt those who attack you in melee.
You have a pair of horns on your head.


Message History

You hit the centaur but do no damage.
The centaur is lightly wounded.
The centaur barely misses you. The centaur hits you.
You hit the centaur.
The centaur is moderately wounded.
The centaur hits you.
* * * LOW HITPOINT WARNING * * *
The centaur hits you but does no damage.
You hit the centaur.
The centaur is heavily wounded.
The centaur hits you.
* * * LOW HITPOINT WARNING * * *
The centaur hits you but does no damage.
The centaur barely misses you.
You closely miss the centaur. You headbutt the centaur!
The centaur is almost dead.
The centaur hits you!
* * * LOW HITPOINT WARNING * * *
The centaur hits you.
You die...

...... #......##
........########
............(..#
..........(....#
..........†....#
.........(.....#
........(..%...#
.......@#.###..#
......c.#...#...#
........#.#.#
...#
........#...#
....
........#.#.# ###
........#...#
........#.#.#
#......##...#
#.###


You could see a centaur.

Vanquished Creatures
  A hound (D:5)
  2 orc wizards (D:3)
  A gnoll shaman (D:5)
  8 gnolls
  5 adders
  2 oozes
  A worm (D:3)
  2 dart slugs
  2 leopard geckos
  2 orcs (D:3)
  4 giant cockroaches
  9 goblins
  2 hobgoblins
  3 kobolds
  A ball python (D:1)
  5 bats
  13 frilled lizards
  A jackal zombie (D:5)
  3 rats
67 creatures vanquished.

Notes
Turn   | Place    | Note
-------+----------+-------------------------------------------
     0 | Abyss:1  | Peloso the Minotaur Abyssal Knight began the quest for the Orb.
     0 | Abyss:1  | Reached XP level 1. HP: 19/19 MP: 1/1
   192 | Abyss:1  | Noticed a brown very ugly thing
   197 | Abyss:1  | Noticed a large abomination
   204 | D:1      | Escaped the Abyss
   290 | D:1      | Reached * piety under Lugonu
   290 | D:1      | Reached XP level 2. HP: 13/27 MP: 2/2
   962 | D:2      | Reached XP level 3. HP: 7/34 MP: 3/3
  1400 | D:2      | Reached XP level 4. HP: 41/41 MP: 4/4
  1537 | D:2      | Found a blossoming altar of Fedhas.
  2037 | D:3      | Reached XP level 5. HP: 47/47 MP: 5/5
  2223 | D:3      | Reached skill level 5 in Fighting
  2290 | D:3      | Reached ** piety under Lugonu
  2403 | D:3      | You fall through a shaft for 2 floors!
  2403 | D:5      | Entered Level 5 of the Dungeon
  2424 | D:5      | Reached skill level 5 in Long Blades
  2480 | D:5      | HP: 2/48 [gnoll shaman/whip (7)]
  2485 | D:5      | Reached XP level 6. HP: 11/56 MP: 6/6
  2768 | D:5      | Slain by a centaur

Skill      XL: |  1  2  3  4  5 |
---------------+----------------+-----
Invocations    | 2 |  2.1
Fighting       | 4 5 |  5.2
Long Blades    | 3 4 5 |  5.3
Armour         | 3 |  3.7
Dodging        | 2 |  2.3
Stealth        | |  0.8

Action                   |  1- 3 |  4- 6 || total
-------------------------+-------+-------++-------
Melee: Falchion          |    37 |   105 ||   142
       Headbutt          |     6 |    13 ||    19
Invok: Depart the Abyss  |     1 |       ||     1
  Use: Potion            |       |     3 ||     3
  Eat: Chunk             |     1 |     5 ||     6
Armor: Leather armour    |     9 |    22 ||    31
Dodge: Dodged            |    39 |    70 ||   109
       Rpst.: Falchion   |    12 |    16 ||    28
